 Dungeon Crawl Stone Soup version 0.30.0-29-ga12c61a403 (webtiles) character file.

Game seed: 4798870962168471787

3953 seaoflcl the Cleaver (level 10, -6/88 HPs)
             Began as a Minotaur Fighter on June 16, 2023.
             Was a Follower of Makhleb.
             Hit by a javelin thrown by a centaur (10 damage)
             ... in a bailey.
             The game lasted 00:09:02 (7701 turns).

seaoflcl the Cleaver (Minotaur Fighter)             Turns: 7701, Time: 00:09:03

Health: -6/88      AC: 14    Str: 26    XL:     10   Next: 2%
Magic:  0/12       EV:  8    Int:  5    God:    Makhleb [*.....]
Gold:   427        SH:  5    Dex:  9    Spells: 9/9 levels left

rFire   . . .        a - +0 war axe
rCold   + . .        c - +0 buckler
rNeg    . . .        y - +0 chain mail
rPois   .            (helmet restricted)
rElec   .            (no cloak)
rCorr   .            D - +2 pair of gloves {Stlth+}
SInv    .            (no boots)
Will    .....        B - amulet of guardian spirit Stlth
                     C - ring of protection from cold
HPRegen 0.34/turn    (no ring)
MPRegen 0.13/turn

%: guardian spirit
@: mighty
A: horns 2, retaliatory headbutt
a: Renounce Religion


You were in a bailey.
You worshipped Makhleb.
Makhleb was aware of your devotion.
You visited 1 branch of the dungeon, and saw 8 of its levels.
You also visited: Bailey.

You collected 427 gold pieces.

Inventory:

Hand Weapons
 a - a +0 war axe (weapon)
Missiles
 G - 3 poisoned darts (quivered)
Armour
 c - a +0 buckler (worn)
 y - a +0 chain mail (worn)
 D - a +2 pair of gloves of stealth (worn)
Jewellery
 e - a ring of positive energy
 i - a ring of ice
 B - an amulet of guardian spirit (around neck)
 C - a ring of protection from cold (left hand)
 J - a ring of magical power
 O - an amulet of the acrobat
Wands
 I - a wand of paralysis (14)
 L - a wand of acid (6)
Scrolls
 b - 3 scrolls of teleportation {unknown}
 f - 4 scrolls of identify {unknown}
 g - 3 scrolls of vulnerability
 h - a scroll of noise {unknown}
 j - 3 scrolls of poison
 k - 2 scrolls of enchant armour {unknown}
 l - a scroll of torment {unknown}
 o - 4 scrolls of fog {unknown}
 u - a scroll of fear {unknown}
 x - a scroll of blinking {unknown}
 z - a scroll of amnesia {unknown}
 A - a scroll of acquirement {unknown}
 F - 2 scrolls of enchant weapon {unknown}
 H - a scroll of butterflies {unknown}
 M - a scroll of brand weapon {unknown}
 N - a scroll of magic mapping {unknown}
Potions
 d - 2 potions of might
 m - 2 potions of ambrosia
 n - a potion of magic {unknown}
 q - a potion of resistance {unknown}
 r - 2 potions of lignification {unknown}
 s - 2 potions of brilliance {unknown}
 t - 2 potions of attraction
 v - 3 potions of cancellation
 w - a potion of flight {unknown}
 E - a potion of mutation {unknown}
 K - a potion of haste {unknown}


   Skills:
 + Level 8.1 Fighting
 * Level 10.4 Axes
 + Level 2.4 Throwing
 + Level 8.1 Armour
 + Level 8.0 Shields
 + Level 4.3 Invocations


You had 9 spell levels left.
You didn't know any spells.
Your spell library contained the following spells:

 Spells                   Type           Power      Damage    Failure   Level
 Slow                     Hex            0%         N/A       95%         1
 Summon Small Mammal      Summ           0%         N/A       95%         1
 Call Canine Familiar     Summ           0%         N/A       100%        3
 Confusing Touch          Hex            0%         N/A       100%        3
 Ozocubu's Armour         Ice            0%         N/A       100%        3
 Summon Guardian Golem    Hex/Summ       0%         N/A       100%        3
 Vampiric Draining        Necr           0%         2d6       100%        3
 Vhi's Electric Charge    Tloc/Air       0%         N/A       100%        3
 Arcjolt                  Conj/Air       0%         1d10      100%        5
 Metabolic Englaciation   Hex/Ice        0%         N/A       100%        5
 Simulacrum               Ice/Necr       0%         N/A       100%        6
 Maxwell's Capacitive Co  Air            0%         ∞         100%        8


Dungeon Overview and Level Annotations

Branches:
Dungeon (8/15)             Temple (0/1) D:4          Bailey (1/1)
   Lair: D:8-11

Altars:
Makhleb
Zin

Shops:
D:6 :

Annotations:
D:6 1 runed translucent door, Crazy Yiuf


Innate Abilities, Weirdness & Mutations

You have a pair of horns on your head.
You reflexively headbutt those who attack you in melee.


Message History

You barely miss the orc. Your headbutt misses the orc.
The orc is severely wounded.
The orc hits you from afar with a +0 halberd.
* * * LOW HITPOINT WARNING * * *
The orc barely misses you. The orc hits you but does no damage.
The orc hits you from afar with a +0 halberd.
* * * LOW HITPOINT WARNING * * *
You block the orc's attack. The orc hits you but does no damage.
The orc barely misses you. The orc hits you but does no damage.
The orc closely misses you.
You barely miss the orc. You headbutt the orc.
The orc is almost dead.
The orc barely misses you. The orc closely misses you.
You block the orc's attack. The orc hits you but does no damage. x2
You barely miss the orc.
The orc is almost dead.
The centaur throws a javelin.
The javelin pierces through you.
* * * LOW HITPOINT WARNING * * *
The javelin pierces through the orc.
The orc dies!
The javelin pierces through the centaur.
The centaur throws a javelin.
The javelin pierces through you but does no damage.
The javelin pierces through the centaur.
The orc closely misses you. The orc hits you but does no damage.
The orc barely misses you. x2
The centaur hits you from afar with a +4 spear.
* * * LOW HITPOINT WARNING * * *
The orc hits you but does no damage. You block the orc's attack.
Things that are here:
a +0 halberd; a +0 chain mail; an orc corpse You barely miss the orc.
The centaur closely misses you.
The centaur hits you but does no damage.
You block the orc's attack. The orc hits you with a +0 halberd.
* * * LOW HITPOINT WARNING * * *
You slash the orc!
You kill the orc!
Makhleb accepts your kill.
You feel better.
The centaur throws a javelin.
The javelin pierces through you!
You die...

≈≈...≈≈≈.....≈≈≈.≈≈.#
≈⌠.o≈≈..≈≈≈≈≈..≈≈.≈.##
≈$o≈≈.≈≈≈...≈≈≈.≈.≈≈.#
..o≈.≈≈..⌠.⌠..≈.≈≈.≈.#
..o≈.....∩∩∩..≈....≈.#
$.c≈.≈≈..⌠.⌠..≈.≈≈.≈o#
≈$.≈≈.≈≈≈...≈≈≈.≈.≈≈c#
≈⌠..≈≈..≈≈≈≈≈..≈≈)≈o##
≈≈...≈≈≈.....≈≈≈@≈≈o#
#≈≈....≈≈≈≈≈≈≈c)≈≈o.#
##≈..≈≈...oo..≈≈≈.⌠.#
#≈...≈≈≈≈≈≈≈≈≈....##
#≈............#####
####+##########


You could see 2 centaurs and 6 orcs.

Vanquished Creatures
  A komodo dragon (D:6)
  Sigmund (D:5)
  A wyvern (D:7)
  A steam dragon (D:5)
  4 vampire mosquitoes (D:7)
  2 water moccasins
  An ice beast (D:5)
  A black bear (D:5)
  3 ogres
  2 centaurs
  5 phantoms
  Blork the orc (D:4)
  2 bullfrogs (D:6)
  A gnoll sergeant (D:5)
  5 scorpions
  6 killer bees (D:7)
  4 hounds
  3 orc priests
  2 sleepcaps
  2 jellies (D:5)
  5 iguanas
  2 orc wizards (D:7)
  7 gnolls
  10 adders
  A shadow imp (D:6)
  An ufetubus (D:5)
  3 worms
  3 dart slugs
  10 orcs
  2 bats
  6 endoplasms
  3 giant cockroaches
  4 goblins
  7 hobgoblins
  2 jackals (D:4)
  3 quokkas
  5 ball pythons
  5 frilled lizards
  3 kobolds
  2 rats
132 creatures vanquished.

Vanquished Creatures (others)
  An orc (Bailey)
1 creature vanquished.

Grand Total: 133 creatures vanquished

Notes
Turn   | Place    | Note
-------+----------+-------------------------------------------
     0 | D:1      | seaoflcl the Minotaur Fighter began the quest for the Orb.
     0 | D:1      | Reached XP level 1. HP: 19/19 MP: 0/0
    63 | D:1      | Reached XP level 2. HP: 26/27 MP: 1/1
   140 | D:1      | Reached skill level 3 in Axes
   747 | D:2      | Found a faded altar of an unknown god.
   902 | D:3      | Reached XP level 3. HP: 33/33 MP: 2/2
   946 | D:3      | You fall into a shaft and drop 2 floors!
   946 | D:5      | Entered Level 5 of the Dungeon
   962 | D:5      | Noticed a gnoll sergeant
   967 | D:5      | Reached XP level 4. HP: 10/40 MP: 3/3
   967 | D:5      | Killed a gnoll sergeant
   968 | D:5      | Reached skill level 4 in Axes
   968 | D:5      | Reached XP level 5. HP: 13/47 MP: 4/4
  1306 | D:5      | Noticed a black bear
  1312 | D:5      | Killed a black bear
  1313 | D:5      | Reached skill level 5 in Axes
  1434 | D:5      | Noticed a steam dragon
  1439 | D:5      | Killed a steam dragon
  1440 | D:5      | Reached skill level 5 in Fighting
  1440 | D:5      | Reached skill level 5 in Armour
  1440 | D:5      | Reached skill level 5 in Shields
  1440 | D:5      | Reached XP level 6. HP: 21/56 MP: 5/5
  1720 | D:5      | Noticed Sigmund
  1730 | D:5      | Killed Sigmund
  1731 | D:5      | Reached skill level 6 in Axes
  1731 | D:5      | Reached XP level 7. HP: 5/61 MP: 6/6
  2469 | D:4      | Found a glowing silver altar of Zin.
  2532 | D:4      | Found a burning altar of Makhleb.
  2539 | D:4      | Became a worshipper of Makhleb the Destroyer
  2610 | D:4      | Found a staircase to the Ecumenical Temple.
  2616 | D:4      | Reached skill level 7 in Axes
  2743 | D:4      | Reached skill level 1 in Invocations
  2743 | D:4      | Reached XP level 8. HP: 69/70 MP: 7/7
  2901 | D:4      | Noticed Blork the orc
  2910 | D:4      | Killed Blork the orc
  3872 | D:5      | Reached * piety under Makhleb
  3923 | D:5      | Reached skill level 8 in Axes
  5300 | D:6      | Reached XP level 9. HP: 79/79 MP: 10/10
  5316 | D:6      | Found Pirupose's Book Shoppe.
  5352 | D:6      | Reached skill level 9 in Axes
  5617 | D:6      | Noticed a komodo dragon
  5631 | D:6      | Killed a komodo dragon
  5825 | D:6      | Found a runed translucent door.
  5826 | D:6      | Noticed Crazy Yiuf
  6044 | D:7      | Reached skill level 1 in Throwing
  6052 | D:7      | HP: 2/79 [vampire mosquito (3)]
  6063 | D:7      | Reached skill level 10 in Axes
  7311 | D:7      | Reached ** piety under Makhleb
  7581 | D:8      | Reached XP level 10. HP: 49/88 MP: 8/12
  7614 | D:8      | Found a flagged portal.
  7626 | Bailey   | Entered a bailey
  7700 | Bailey   | HP: 3/88 [orc/+0 halberd (4)]
  7701 | Bailey   | Hit by a javelin thrown by a centaur

Illustrated notes

Levels and vault maps discovered:
D:1:      dpeg_arrival_rooms_a, layout_rooms
D:2:      layout_basic, chequers_ecumenical_altar_twisty
D:3:      layout_loops_cross, minmay_shallow_snake_nest
D:4:      layout_basic, mainiacjoe_overflow_tiny_flanked,
          makhleb_heckhound_becter, temple_fountains, uniq_blork_the_orc
D:5:      minmay_skewed_foursquare, layout_layer_cave,
          kennysheep_generic_room_13, uniq_sigmund
D:6:      layout_basic, serial_shops, nicolae_stop_n_shop_2,
          uniq_crazy_yiuf_cottage
D:7:      minmay_recursive_quarters, layout_basic
D:8:      layout_rooms, mainiacjoe_overflow_cross_hatched, enter_bailey_2
Bailey:   bailey_polearm_flooded_kennysheep, bailey

Skill      XL: |  1  2  3  4  5  6  7  8  9 |
---------------+----------------------------+-----
Axes           | 3 4 5 6 7 8 10 | 10.4
Fighting       | 4 5 6 7 8 |  8.1
Shields        | 4 5 6 7 8 |  8.0
Armour         | 4 5 6 7 8 |  8.1
Invocations    | 1 2 4 |  4.3
Throwing       | 2 |  2.4

Action                     |  1- 3 |  4- 6 |  7- 9 | 10-12 || total
---------------------------+-------+-------+-------+-------++-------
  Melee: War axe           |    45 |    22 |   306 |     7 ||   380
         Headbutt          |     5 |     7 |    46 |     1 ||    59
    Use: Potion            |       |       |    10 |     2 ||    12
         Scroll            |       |       |       |     3 ||     3
 Armour: Scale mail        |    20 |     9 |    12 |       ||    41
         Chain mail        |       |       |   182 |    27 ||   209
  Dodge: Dodged            |    24 |     8 |   135 |    24 ||   191
  Block: Buckler           |    10 |     6 |    94 |     9 ||   119
